 Dungeon Crawl Stone Soup version 0.30-a0-845-g7c6808c8ce (webtiles) character file.

Game seed: 4670264728437420785

158 dialectric the Covered (level 5, 0/33 HPs)
             Began as a Gargoyle Fighter on Mar 1, 2023.
             Was a Follower of Nemelex Xobeh.
             Killed by divine providence
             ... invoked by an orc priest
              (12 damage)
             ... on level 3 of the Dungeon on Mar 2, 2023.
             The game lasted 00:03:49 (2305 turns).

dialectric the Covered (Gargoyle Fighter)           Turns: 2305, Time: 00:03:50

Health: 0/33       AC: 16    Str: 20    XL:     5   Next: 40%
Magic:  5/5        EV:  7    Int:  8    God:    Nemelex Xobeh [*.....]
Gold:   171        SH:  0    Dex: 11    Spells: 4/4 levels left

rFire   . . .      SeeInvis .    q - +2 quarterstaff (chaos)
rCold   . . .      Faith    .    (shield currently unavailable)
rNeg    + . .      Spirit   .    g - +0 chain mail
rPois   ∞          Reflect  .    (no helmet)
rElec   +          Rampage  .    d - +2 cloak
rCorr   .                        (no gloves)
Will    .....                    (no boots) Stlth
                                 (no amulet)
HPRegen 0.25/turn                (no ring)
MPRegen 0.09/turn                (no ring)

@: no status effects
A: sickness immunity, AC +4, negative energy resistance 1, electricity
resistance, torment resistance 1, petrification resistance
a: Renounce Religion, Draw Escape, Draw Destruction, Draw Summoning


You were on level 3 of the Dungeon.
You worshipped Nemelex Xobeh.
Nemelex Xobeh was aware of your devotion.
You visited 1 branch of the dungeon, and saw 3 of its levels.

You collected 171 gold pieces.

Inventory:

Hand Weapons
 a - a +0 flail
 q - a +2 quarterstaff of chaos (weapon)
Missiles
 k - 4 poisoned darts (quivered)
Armour
 b - a +0 scale mail
 c - a +0 buckler
 d - a +2 cloak (worn)
 g - a +0 chain mail (worn)
 j - a +0 cloak
Scrolls
 e - 2 scrolls of immolation {unknown}
 f - 2 scrolls of identify
 h - a scroll of teleportation {unknown}
 l - a scroll of vulnerability {unknown}
 p - 2 scrolls of enchant weapon {unknown}
Potions
 i - a potion of curing
 m - a potion of mutation {unknown}
 n - a potion of lignification {unknown}
 o - a potion of heal wounds {unknown}


   Skills:
 + Level 3.8 Fighting
 + Level 4.0 Maces & Flails
 + Level 4.0 Armour
 + Level 0.8 Dodging
 + Level 3.7 Shields


You had 4 spell levels left.
You didn't know any spells.
Your spell library contained the following spells:

 Spells                   Type           Power      Damage    Failure   Level
 Magic Dart               Conj           0%         1d3       99%         1
 Call Imp                 Summ           0%         N/A       100%        2
 Mephitic Cloud           Conj/Pois/Air  0%         N/A       100%        3


Dungeon Overview and Level Annotations

Branches:
Dungeon (3/15)

Altars:
Nemelex Xobeh


Innate Abilities, Weirdness & Mutations

You are immune to sickness and miasma.
Your stone body is resilient. (AC +4)
You are immune to poison.
You resist negative energy. (rN+)
You are resistant to electric shocks. (rElec)
You are resistant to unholy torment.
You are immune to petrification.


Message History

You hit the orc priest.
You feel better.
The orc priest is moderately wounded.
The orc priest barely misses you. The orc barely misses you.
The adder bites you but does no damage.
You closely miss the orc priest.
The orc priest is moderately wounded.
The adder bites you but does no damage. The orc priest barely misses you.
The orc hits you but does no damage.
You hit the orc priest. You burn the orc priest.
The orc priest is heavily wounded.
The adder completely misses you.
The orc priest hits you but does no damage.
A gnoll comes into view. It is wielding a +0 club.
The orc hits you but does no damage. The adder closely misses you.
The orc hits you with a +0 hand axe. The orc priest barely misses you.
You closely miss the orc priest.
The orc priest is heavily wounded.
The gnoll shouts!
The adder bites you but does no damage.
The orc priest mumbles some strange prayers to Beogh against you.
Beogh smites you! The orc barely misses you.
The adder bites you but does no damage.
You are too injured to fight recklessly!
You are too injured to fight recklessly!
Unknown command.
The adder bites you but does no damage. The gnoll attacks as you move away!
The gnoll hits you but does no damage. The adder attacks as you move away!
The adder barely misses you. The adder bites you but does no damage.
The orc priest looks encouraged for a moment.
Things that are here:
a +0 whip; a +0 leather armour
Things that are here:
a +0 dagger; a +0 leather armour; an orc corpse You see here a rat corpse.
The gnoll attacks as you move away! The gnoll hits you but does no damage.
The orc priest mumbles some strange prayers to Beogh against you.
Beogh smites you!
You die...
Your body glows slightly and disappears.

###....## ..#
........# #.#
#....###.#########
#...##..........##
#..S#............##
#..ggo............#
#.....))).........#
#....ro.†.........#
#.#....gS@........#
#........).<......#
##..#............##
#####..........##
############


You could see an orc priest, 3 gnolls, 2 adders, an orc and a rat.

Vanquished Creatures
  Crazy Yiuf (D:2)
  Terence (D:2)
  2 adders (D:2)
  5 dart slugs
  3 orcs (D:3)
  6 ball pythons (D:1)
  5 endoplasms
  2 giant cockroaches
  12 goblins
  6 hobgoblins (D:2)
  4 jackals
  5 quokkas
  4 bats
  3 frilled lizards
  5 kobolds
  4 rats
68 creatures vanquished.

Notes
Turn   | Place    | Note
-------+----------+-------------------------------------------
     0 | D:1      | dialectric the Gargoyle Fighter began the quest for the
                  | Orb.
     0 | D:1      | Reached XP level 1. HP: 14/14 MP: 1/1
    83 | D:1      | Reached XP level 2. HP: 5/19 MP: 2/2
   198 | D:1      | Upgraded the game from 0.30-a0-840-ga523dec638 to
                  | 0.30-a0-845-g7c6808c8ce
   372 | D:1      | Reached XP level 3. HP: 23/23 MP: 3/3
  1218 | D:2      | Reached XP level 4. HP: 25/29 MP: 4/4
  1268 | D:2      | Found a faded altar of an unknown god.
  1394 | D:2      | Prayed at the altar of an unknown god.
  1394 | D:2      | Became a worshipper of Nemelex Xobeh the Trickster
  1394 | D:2      | Reached * piety under Nemelex Xobeh
  1394 | D:2      | Received a gift from Nemelex Xobeh
  1424 | D:2      | Found a runed translucent door.
  1425 | D:2      | Noticed Crazy Yiuf
  1558 | D:2      | Noticed Terence
  1564 | D:2      | Killed Terence
  1816 | D:2      | Reached XP level 5. HP: 31/33 MP: 5/5
  2186 | D:2      | Killed Crazy Yiuf
  2305 | D:3      | Killed from afar by an orc priest

Illustrated notes

Levels and vault maps discovered:
D:1:      lemuel_arrival_tunnels, layout_loops_ring, chequers_arboretum
D:2:      layout_loops_corners, basic_ecumenical_altar,
          minmay_misc_feat_encased, st_stairs_6, kennysheep_big_empty_room,
          minmay_joined_circles, uniq_terence, uniq_crazy_yiuf_cottage
D:3:      layout_rooms, reono_crystal_passage, skrybe_limestone_x

Skill      XL: |  1  2  3  4  5 |
---------------+----------------+-----
Maces & Flails | 3 4 |  4.0
Armour         | 4 |  4.0
Fighting       | |  3.8
Dodging        | |  0.8
Shields        | |  3.7

Action                     |  1- 3 |  4- 6 || total
---------------------------+-------+-------++-------
  Melee: Flail             |   127 |    57 ||   184
         Punch             |     1 |       ||     1
         Quarterstaff      |       |    16 ||    16
    Use: Scroll            |       |     1 ||     1
         Potion            |       |     1 ||     1
 Armour: Scale mail        |    77 |    40 ||   117
         Chain mail        |       |    22 ||    22
  Dodge: Dodged            |    77 |    34 ||   111

Table legend: (Time is in decaauts)
 A = Elapsed time spent in this place.
 B = Non-inter-level travel time spent in this place.
 C = Inter-level travel time spent in this place.
 D = Time resting spent in this place.
 E = Time spent auto-exploring this place.
 F = Levels seen in this place.
 G = Mean time per level.
                   A        B        C        D        E       F      G
               +--------+--------+--------+--------+--------+-----+--------+
         Total |   2340 |   2276 |     64 |      0 |   1748 |   3 |  780.0 |
       Dungeon |   2340 |   2276 |     64 |      0 |   1748 |   3 |  780.0 |
               +--------+--------+--------+--------+--------+-----+--------+

Top non-repeatable levels by time:
     D:2: 1180 daAuts
     D:1: 1113 daAuts
     D:3: 46 daAuts
